 Dungeon Crawl Stone Soup version 0.21-a0-270-g8204059 (webtiles) character file.

17 Atlas the Sneak (level 2, -4/15 HPs)
             Began as a Vine Stalker Assassin on Sept 13, 2017.
             Slain by a worm (5 damage)
             ... on level 2 of the Dungeon.
             The game lasted 00:00:54 (954 turns).

Atlas the Sneak (Vine Stalker Assassin)              Turns: 954, Time: 00:00:55

Health: -4/15      AC:  3    Str: 13    XL:     2   Next: 62%
Magic:  0/3        EV: 12    Int: 11    God:
Gold:   39         SH:  0    Dex: 15    Spells: 1/1 levels left

rFire    . . .     SeeInvis .   i - -3 short sword (curse)
rCold    . . .     Gourm    .   (no shield)
rNeg     . . .     Faith    .   c - +0 robe
rPois    .         Spirit   +   (no helmet)
rElec    .         Reflect  .   d - +0 cloak
rCorr    .         Harm     .   (no gloves)
MR       .....                  (no boots)
Stlth    +++.......             (no amulet)
HPRegen  0.05/turn              (no ring)
MPRegen  0.08/turn              (no ring)

@: no status effects
A: fangs 2, magic shield, antimagic bite, no potion heal 3, rot immunity
a: no special abilities


You were on level 2 of the Dungeon.
You were not hungry.

You visited 1 branch of the dungeon, and saw 2 of its levels.

You collected 39 gold pieces.

Inventory:

Hand Weapons
 a - a +2 dagger
 b - a +0 blowgun
 i - a cursed -3 short sword (weapon)
Missiles
 e - 8 poisoned needles
 f - 2 curare-tipped needles
Armour
 c - a +0 robe (worn)
 d - a +0 cloak (worn)
Potions
 k - a potion of invisibility {unknown}
 l - a potion of lignification {unknown}
 m - a potion of curing {unknown}
 n - a potion of degeneration {unknown}
 o - a potion of brilliance {unknown}
Comestibles
 g - a bread ration
 j - a meat ration


   Skills:
 + Level 1.8 Fighting
 + Level 2.0 Short Blades
 + Level 1.8 Throwing
 + Level 1.0 Dodging
 + Level 5.4 Stealth


You had one spell level left.
You didn't know any spells.

Dungeon Overview and Level Annotations

Branches:
Dungeon (2/15)

Altars:

Annotations:
D:2 Jessica


Innate Abilities, Weirdness & Mutations

You have extremely sharp teeth.
When hurt, damage is shared between your health and your magic reserves.
Your bite disrupts and absorbs the magic of your enemies.
Potions cannot restore your health.
You are immune to rotting.


Message History

Jessica is moderately wounded.
Jessica mumbles some strange words.
Jessica blinks!
You closely miss Jessica. You bite Jessica, but do no damage.
Jessica is moderately wounded.
The worm misses you.
Jessica points at you and mumbles some strange words.
You barely resist.
As you read the scroll labeled PESKUAN WUWNYW, it crumbles to dust.
You feel aware of your surroundings.
You sensed 1 altar.
It was a scroll of magic mapping.
Jessica barely misses you.
You barely miss Jessica. You bite Jessica.
Jessica's magic leaks into the air.
You drain her magic.
You feel invigorated.
Jessica is heavily wounded.
The worm bites you but does no damage. Jessica hits you.
* * * LOW HITPOINT WARNING * * *
You hit Jessica. You bite Jessica, but do no damage.
Jessica is severely wounded.
The worm bites you.
You die...

*,************#.########*,
*,* #.#......##, *,*
#.#......<#, *,*
#####.#......##< *,*
#####*#............#*, *,*
#....*#............#*, *,*
#....*#............#*,
*,###....##.......######*,
*>......†@@........)..,,,,
**##....w######.#.####**,,
#...##*****#+#.# *,, #..,*
*,,,,,..#*****,, #.,,*
*,,,,,...,,,,,,, #****
*,,,,,.##*****,* *,,,,,,*
*,* *,,,,,,*******,*
*****,,,,,,,,,,*


You could see a worm and Jessica.

Vanquished Creatures
  2 dart slugs (D:1)
  A bat (D:1)
  A goblin (D:1)
  4 hobgoblins
  2 frilled lizards (D:1)
  2 kobolds (D:1)
  A rat (D:1)
13 creatures vanquished.

Notes
Turn   | Place    | Note
-------+----------+-------------------------------------------
     0 | D:1      | Atlas the Vine Stalker Assassin began the quest for the Orb.
     0 | D:1      | Reached XP level 1. HP: 11/11 MP: 2/2
   114 | D:1      | Reached skill level 5 in Stealth
   182 | D:1      | Reached XP level 2. HP: 14/15 MP: 1/3
   779 | D:1      | Reached skill level 1 in Dodging
   934 | D:2      | Noticed Jessica
   954 | D:2      | Slain by a worm

Vault maps used:
D:1:      minmay_arrival_arboretum_small
D:2:      nicolae_ru_sacrificial_ziggurat, first_bread, supply_closet_lemuel,
          uniq_jessica, uniq_sigmund, uniq_crazy_yiuf_cottage, uniq_terence

Skill      XL: |  1  2 |
---------------+-------+-----
Stealth        | 5 |  5.4
Dodging        | 1 |  1.0
Short Blades   | 2 |  2.0
Fighting       | |  1.8
Throwing       | |  1.8

Action                   || total
-------------------------++-------
Melee: Short sword       ||    41
       Dagger            ||     7
       Bite              ||    12
  Use: Scroll            ||     2
 Stab: Sleeping          ||     4
Armor: Robe              ||     7
Dodge: Dodged            ||    33

Table legend:
 A = Spawn XP
 B = Non-spawn XP
 C = Spawn XP percentage of total XP
 D = Spawn monster count
 E = Non-spawn monster count
 F = Spawn count percentage of total count
 G = Total turns spent on level
                    A         B        C        D         E        F      G
               +---------+---------+-------+---------+---------+-------+---------
         Total |       0 |      25 |   0.0 |       0 |      13 |   0.0 |   954
               +---------+---------+-------+---------+---------+-------+---------
           D:1 |       0 |      23 |   0.0 |       0 |      12 |   0.0 |   924
           D:2 |       0 |       2 |   0.0 |       0 |       1 |   0.0 |    30
               +---------+---------+-------+---------+---------+-------+---------
